 Dungeon Crawl Stone Soup version 0.23.0-3-gf3c87f2df8 (webtiles) character file.

Game seed: 3553006432074777815

57 Delanovic the Vexing (level 3, -2/14 HPs)
             Began as a Felid Enchanter on Feb 22, 2019.
             Slain by a bullfrog (8 damage)
             ... on level 3 of the Dungeon.
             The game lasted 00:06:50 (4181 turns).

Delanovic the Vexing (Felid Enchanter)              Turns: 4181, Time: 00:06:51

Health: -2/14      AC:  1    Str:  4    XL:     3   Next: 73%
Magic:  0/7        EV: 18    Int: 17    God:
Gold:   92         SH:  0    Dex: 16    Spells: 0/6 levels left
                                        Lives:  0   Deaths: 1

rFire    . . .     SeeInvis +     - Unarmed
rCold    + . .     Gourm    .   (shield unavailable)
rNeg     . . .     Faith    .   (armour unavailable)
rPois    .         Spirit   .   (helmet unavailable)
rElec    .         Reflect  .   (cloak unavailable)
rCorr    .         Harm     .   (gloves unavailable)
MR       .....                  (boots unavailable)
Stlth    ++++......             (no amulet)
HPRegen  0.04/turn              (no ring)
MPRegen  0.10/turn              l - ring of protection from cold

@: quick
A: very small, no armour, no weapons or thrown items, stealth, claws 1, fangs 3,
see invisible, carnivore, speed 1, shaggy fur 1, slow metabolism 1, sharp paws
a: no special abilities


You were on level 3 of the Dungeon.
You were not hungry.

You visited 1 branch of the dungeon, and saw 3 of its levels.

You collected 92 gold pieces.

Inventory:

Jewellery
 l - a ring of protection from cold (right paw)
Scrolls
 c - 4 scrolls of remove curse
 d - a scroll of magic mapping {unknown}
 e - 5 scrolls of identify {unknown}
 f - a scroll of teleportation {unknown}
 j - a scroll of enchant weapon {unknown}
 k - a scroll of enchant armour {unknown}
Potions
 a - 2 potions of haste {unknown}
 g - 2 potions of brilliance {unknown}
 h - a potion of curing {unknown}
 i - 3 potions of flight {unknown}
 m - a potion of heal wounds {unknown}
Comestibles
 b - 5 rations


   Skills:
 - Level 2.6 Dodging
 + Level 5.6 Stealth
 + Level 2.6 Unarmed Combat
 - Level 2.0 Spellcasting
 + Level 5.8 Hexes


You couldn't memorise any spells.
You knew the following spells:

 Your Spells              Type           Power        Failure   Level  Hunger
a - Corona                Hex            ###....      1%          1    #......
b - Ensorcelled Hibernat  Hex/Ice        ##....       9%          2    ###....
c - Confuse               Hex            ###.....     5%          3    ###....

Your spell library contained the following spells:

 Spells                   Type           Power        Failure   Level  Hunger
 Tukima's Dance           Hex            ###.....     5%          3    ###....
 Dazzling Spray           Conj/Hex       ##....       17%         3    ###....


Dungeon Overview and Level Annotations

Branches:
Dungeon (3/15)

Altars:
Elyvilon


Innate Abilities, Weirdness & Mutations

You cannot wear armour.
You are incapable of wielding weapons or throwing items.
Your paws allow you to move quietly. (Stealth)
You have sharp claws.
You have razor-sharp teeth.
You have supernaturally acute eyesight. (SInv)
You are carnivorous and can eat meat at any time.
You cover ground quickly.
You are covered in fur. (AC +1)
You have a slow metabolism.
Your sharp claws are effective at attacking unaware monsters.


Message History

The bullfrog resists with some effort.
The bullfrog barely misses you. The bullfrog closely misses you.
Casting: Ensorcelled Hibernation (safe; 9% risk of failure)
Confirm with . or Enter, or press ? or * to list all spells.
Aiming: Confuse (safe; 5% risk of failure)
Press: ? - help, Shift-Dir - straight line, f/p - bullfrog
Aim: a bullfrog (severely wounded, chance to defeat MR: 50%)
The bullfrog resists with significant effort.
The bullfrog hits you!
Ouch! That really hurt!
Casting: Confuse (safe; 5% risk of failure)
Confirm with . or Enter, or press ? or * to list all spells.
Aiming: Confuse (safe; 5% risk of failure)
Press: ? - help, Shift-Dir - straight line, f/p - bullfrog
Aim: a bullfrog (severely wounded, chance to defeat MR: 50%)
The bullfrog resists with significant effort.
The bullfrog closely misses you. The bullfrog hits you!
Ouch! That really hurt!
You die...

## #.## #......## #.#
####.# #.####..#####.#
#....####.###.......#.#
..####............###.#
..##......#####.### #.#
.....#...## #.## #.#
..##...#.# #..# #.#
.....##..# ##.# #.#
.....##.## #@# #.#
.....##.# #F# #.#
##......####
###.####.###
#...#.....###..........#
#.......#..##..........#
#.......##.............#
#.......#####..........#
##.......# ########.###
.#.......### #.#


You could see a bullfrog.

Vanquished Creatures
  3 adders (D:2)
  3 worms
  3 dart slugs
  3 leopard geckos
  8 giant cockroaches
  9 goblins
  6 hobgoblins
  4 jackals
  A quokka (D:2)
  10 bats
  4 frilled lizards
  9 kobolds
  6 rats
69 creatures vanquished.

Notes
Turn   | Place    | Note
-------+----------+-------------------------------------------
     0 | D:1      | Delanovic the Felid Enchanter began the quest for the Orb.
     0 | D:1      | Reached XP level 1. HP: 7/7 MP: 4/4
   416 | D:1      | Reached XP level 2. HP: 11/11 MP: 6/6
   440 | D:1      | Learned a level 2 spell: Ensorcelled Hibernation
   784 | D:1      | Reached skill level 5 in Hexes
   901 | D:1      | Reached XP level 3. HP: 14/14 MP: 7/7
  1760 | D:2      | Reached skill level 5 in Stealth
  2023 | D:2      | Reached XP level 4. HP: 18/18 MP: 1/8
  2758 | D:2      | Learned a level 3 spell: Confuse
  2805 | D:2      | Found a white marble altar of Elyvilon.
  3028 | D:2      | Found a faded altar of an unknown god.
  4098 | D:3      | Noticed a bullfrog
  4111 | D:3      | Slain by a bullfrog
  4112 | D:3      | Reached XP level 3. HP: -2/14 MP: 2/7
  4181 | D:3      | Slain by a bullfrog

Skill      XL: |  1  2  3 |
---------------+----------+-----
Hexes          | 5 |  5.8
Unarmed Combat | 2 |  2.6
Stealth        | 5 |  5.6
Dodging        | |  2.6
Spellcasting   | |  2.0

Action                   |  1- 3 |  4- 6 || total
-------------------------+-------+-------++-------
Melee: Unarmed           |   101 |    75 ||   176
       Bite              |     9 |     4 ||    13
 Cast: Corona            |     6 |       ||     6
       Ensorcelled Hiber |    18 |    17 ||    35
       Confuse           |     2 |     7 ||     9
  Use: Scroll            |       |     1 ||     1
 Stab: Sleeping          |    22 |    19 ||    41
       Confused          |       |     2 ||     2
       Distracted        |       |     1 ||     1
  Eat: Chunk             |     2 |     5 ||     7
Armor: Skin              |    10 |     4 ||    14
Dodge: Dodged            |    77 |    73 ||   150
